 Dungeon Crawl Stone Soup version 0.26-a0-652-gafc20e3620 (webtiles) character file.

Game seed: 5759136146007381382

86 DoubleLucky the Caller (level 4, 0/26 HPs)
             Began as a Tengu Summoner on Oct 4, 2020.
             Slain by a wyvern skeleton (4 damage)
             ... on level 3 of the Dungeon.
             The game lasted 00:37:18 (2843 turns).

DoubleLucky the Caller (Tengu Summoner)             Turns: 2843, Time: 00:37:19

Health: 0/26       AC:  3    Str:  8    XL:     4   Next: 49%
Magic:  5/9        EV: 13    Int: 16    God:
Gold:   61         SH:  0    Dex: 15    Spells: 2/8 levels left

rFire    . . .     SeeInvis .   j - +1 dagger
rCold    . . .     Faith    .   (no shield)
rNeg     . . .     Spirit   .   a - +1 robe
rPois    .         Reflect  .   (helmet restricted)
rElec    .         Harm     .   (no cloak)
rCorr    .         Rampage  .   (no gloves)
MR       .....                  (boots unavailable)
Stlth    ++........             (no amulet)
HPRegen  0.08/turn              (no ring)
MPRegen  0.11/turn              (no ring)

@: no status effects
A: beak, talons 3
a: no special abilities


You were on level 3 of the Dungeon.
You visited 1 branch of the dungeon, and saw 3 of its levels.

You collected 61 gold pieces.

Inventory:

Hand Weapons
 f - a +0 club
 j - a +1 dagger (weapon)
Missiles
 c - 10 poisoned darts (quivered)
 d - 98 stones
Armour
 a - a +1 robe (worn)
Jewellery
 b - an uncursed amulet of guardian spirit
Wands
 m - a wand of flame (11)
 t - a wand of iceblast (4)
Scrolls
 e - 2 scrolls of enchant armour
 g - 2 scrolls of immolation
 h - a scroll of identify {unknown}
 n - a scroll of teleportation {unknown}
 s - a scroll of amnesia
Potions
 i - a potion of stabbing {unknown}
 k - a potion of heal wounds {unknown}
 l - 2 potions of ambrosia {unknown}
 o - a potion of curing {unknown}
 p - a potion of lignification {unknown}
 q - a potion of brilliance {unknown}
 r - a potion of degeneration {unknown}


   Skills:
 + Level 1.8 Fighting
 - Level 2.1 Dodging
 - Level 2.0 Stealth
 + Level 2.6 Spellcasting
 * Level 6.0 Summonings


You had 2 spell levels left.
You knew the following spells:

 Your Spells              Type           Power        Failure   Level
a - Summon Small Mammal   Summ           ###.         1%          1
b - Call Imp              Summ           ###.....     2%          2
c - Call Canine Familiar  Summ           ###.....     4%          3

Your spell library contained the following spells:

 Spells                   Type           Power        Failure   Level
 Animate Skeleton         Necr           #.....       21%         1
 Summon Guardian Golem    Hex/Summ       ##......     17%         3
 Summon Ice Beast         Ice/Summ       ##......     50%         4
 Summon Lightning Spire   Summ/Air       ##......     50%         4


Dungeon Overview and Level Annotations

Branches:
Dungeon (3/15)

Altars:
Kikubaaqudgha
Sif Muna
Vehumet

Annotations:
D:3 1 exclusion


Innate Abilities, Weirdness & Mutations

You have a beak for a mouth.
You have claws for feet.


Message History

The floor, spattered with blood.
You hit the jackal.
The jackal is severely wounded.
The jackal bites you.
* * * LOW HITPOINT WARNING * * *
The wyvern skeleton bites you.
* * * LOW HITPOINT WARNING * * *
Your quokka bites the wyvern skeleton. x2
Your rat barely misses the wyvern skeleton.
The jackal closely misses you.
You hit the wyvern skeleton. Your peck misses the wyvern skeleton.
The wyvern skeleton is heavily damaged.
The wyvern skeleton barely misses you.
The jackal bites you but does no damage.
Your quokka bites the wyvern skeleton. x2; Your rat bites the wyvern skeleton.
You hit the wyvern skeleton. You claw the wyvern skeleton.
Your peck misses the wyvern skeleton.
The wyvern skeleton is almost destroyed.
The wyvern skeleton bites you.
You die...

...[..# ....#.## ##.
..###..# #..########.
#.####.#### #.#.........
#.........# #.#.........
##.####.#.###.#.........
##.###.....##...........
....#....).......h......
##..............@Z......
#..............rrr.....
#.#................####
#.#................# #
#..†<............#
#...................#
......................
##..##............####
##.# ####.##[#.#..#


You could see a jackal, a wyvern skeleton, 2 friendly quokkas and a friendly rat
(summoned).

Vanquished Creatures
  2 oozes (D:3)
  A worm (D:3)
  A dart slug (D:1)
  2 bats (D:2)
  5 giant cockroaches
  5 goblins
  3 hobgoblins
  2 jackals (D:3)
  A quokka (D:3)
  2 frilled lizards (D:2)
  3 kobolds
  2 rats
29 creatures vanquished.

Vanquished Creatures (collateral kills)
  3 adders
  3 oozes
  2 dart slugs (D:1)
  A leopard gecko (D:1)
  2 orcs (D:3)
  A bat (D:1)
  4 goblins
  2 hobgoblins (D:1)
  4 jackals
  2 frilled lizards (D:3)
  3 kobolds
27 creatures vanquished.

Grand Total: 56 creatures vanquished

Notes
Turn   | Place    | Note
-------+----------+-------------------------------------------
     0 | D:1      | DoubleLucky the Tengu Summoner began the quest for the Orb.
     0 | D:1      | Reached XP level 1. HP: 10/10 MP: 4/4
   163 | D:1      | Reached skill level 5 in Summonings
   193 | D:1      | Reached XP level 2. HP: 16/16 MP: 1/6
   641 | D:1      | Learned a level 2 spell: Call Imp
   859 | D:1      | Reached skill level 1 in Fighting
   972 | D:1      | Reached XP level 3. HP: 20/20 MP: 3/7
  1391 | D:2      | Found a radiant altar of Vehumet.
  1407 | D:2      | Found an ancient bone altar of Kikubaaqudgha.
  1412 | D:2      | Found a shimmering blue altar of Sif Muna.
  1416 | D:2      | Identified Kikubaaqudgha's Collected Works on Dark Rituals
  1764 | D:2      | Learned a level 3 spell: Call Canine Familiar
  2382 | D:3      | Reached XP level 4. HP: 25/25 MP: 2/8
  2738 | D:3      | Reached skill level 6 in Summonings
  2843 | D:3      | Slain by a wyvern skeleton

Illustrated notes

Levels and vault maps discovered:
D:1:      matt_arrival_diagonals, layout_basic
D:2:      layout_loops_cross, grunt_temple_overflow_magic_moments
D:3:      layout_rooms

Skill      XL: |  1  2  3  4 |
---------------+-------------+-----
Summonings     | 5 6 |  6.0
Fighting       | 1 |  1.8
Dodging        | |  2.1
Stealth        | |  2.0
Spellcasting   | |  2.6

Action                   |  1- 3 |  4- 6 || total
-------------------------+-------+-------++-------
Melee: Unarmed           |     6 |       ||     6
       Kick              |     6 |     3 ||     9
       Peck              |     2 |     1 ||     3
       Dagger            |    12 |    14 ||    26
       Club              |     2 |       ||     2
Throw: Dart              |    45 |    12 ||    57
 Cast: Summon Small Mamm |    51 |    11 ||    62
       Call Imp          |     5 |     2 ||     7
  Use: Scroll            |     7 |       ||     7
Armor: Robe              |     9 |     2 ||    11
Dodge: Dodged            |    13 |    10 ||    23

Table legend: (Time is in decaauts)
 A = Elapsed time spent in this place.
 B = Non-inter-level travel time spent in this place.
 C = Inter-level travel time spent in this place.
 D = Time resting spent in this place.
 E = Time spent auto-exploring this place.
 F = Levels seen in this place.
 G = Mean time per level.
                   A        B        C        D        E       F      G
               +--------+--------+--------+--------+--------+-----+--------+
         Total |   2843 |   2823 |     20 |    304 |   1303 |   3 |  947.7 |
       Dungeon |   2843 |   2823 |     20 |    304 |   1303 |   3 |  947.7 |
               +--------+--------+--------+--------+--------+-----+--------+

Top non-repeatable levels by time:
     D:1: 1389 daAuts
     D:2: 859 daAuts
     D:3: 594 daAuts
